 Dungeon Crawl Stone Soup version 0.30.1-9-gdf580d7c3d (webtiles) character file.

Game seed: 15178740687010125622

291 H0rd4k the Charlatan (level 6, -1/37 (39) HPs)
             Began as an Octopode Artificer on Oct 5, 2023.
             Slain by a wight
             ... wielding a +3 falchion
              (2 damage)
             ... on level 6 of the Dungeon.
             The game lasted 00:02:32 (2198 turns).

H0rd4k the Charlatan (Octopode Artificer)           Turns: 2198, Time: 00:02:33

HP:   -1/37 (39)    AC:  1    Str: 12    XL:     6   Next: 32%
MP:   6/6           EV: 14    Int: 15    God:
Gold: 159           SH:  0    Dex: 12    Spells: 5/5 levels left

rFire   . .          .
                       - Unarmed
rCold   . . .        (no shield)
rNeg    . . .        (helmet restricted)
rPois   .            o - amulet of magic regeneration
rElec   .            (no ring)
rCorr   .            (no ring)
SInv    .            (no ring)
Will    .....        (no ring)
Stlth   +++          (no ring)
HPRegen 0.26/turn    (no ring)
MPRegen 0.50/turn    (no ring)
                     (no ring)

%: no passive effects
@: drained
A: almost no armour, amphibious, 8 rings, camouflage 1, gelatinous body 1,
(nimble swimmer 1), tentacles
a: no special abilities


You were on level 6 of the Dungeon.
You visited 1 branch of the dungeon, and saw 4 of its levels.

You collected 159 gold pieces.

Inventory:

Missiles
 e - 6 poisoned darts
 k - 3 boomerangs of dispersal
Jewellery
 o - an amulet of magic regeneration (around mantle)
Wands
 b - a wand of flame (12) (quivered)
 c - a wand of charming (17)
 d - a wand of iceblast (4)
Scrolls
 a - 5 scrolls of identify {unknown}
 f - 2 scrolls of teleportation {unknown}
 i - 2 scrolls of magic mapping {unknown}
 m - a scroll of fear {unknown}
 q - a scroll of enchant weapon {unknown}
Potions
 g - 4 potions of curing {unknown}
 h - 2 potions of invisibility {unknown}
 j - a potion of haste {unknown}
 l - a potion of brilliance {unknown}
 n - a potion of cancellation {unknown}
 p - a potion of degeneration {unknown}


   Skills:
 + Level 1.7 Fighting
 + Level 3.8 Dodging
 - Level 1.3 Stealth
 + Level 3.7 Unarmed Combat
 + Level 4.8 Evocations


You had 5 spell levels left.
You didn't know any spells.
Your spell library contained the following spells:

 Spells                   Type           Power      Damage    Failure   Level
 Cigotuvi's Dreadful Rot  Necr/Pois/Air  0%         N/A       38%         2
 Gell's Gravitas          Tloc           0%         N/A       63%         3
 Ignite Poison            Fire/Tmut/Pois 0%         N/A       63%         3
 Portal Projectile        Hex/Tloc       0%         N/A       63%         3
 Summon Guardian Golem    Hex/Summ       0%         N/A       63%         3
 Teleport Other           Tloc           0%         N/A       63%         3
 Tukima's Dance           Hex            0%         N/A       63%         3
 Blade Hands              Tmut           0%         N/A       100%        5
 Freezing Cloud           Conj/Ice/Air   0%         6-21      100%        5
 Dispersal                Tloc           0%         N/A       100%        6
 Orb of Destruction       Conj           0%         9d5       100%        7
 Spellforged Servitor     Conj/Summ      0%         N/A       100%        7


Dungeon Overview and Level Annotations

Branches:
Dungeon (6/15)
 Temple: D:4-7

Altars:

Shops:
D:1 =

Annotations:
D:3 Robin
D:6 exclusion: sky beast


Innate Abilities, Weirdness & Mutations

You cannot wear most types of armour.
You are amphibious.
You can wear up to eight rings at the same time.
Your skin changes colour to match your surroundings (Stealth+).
Your rubbery body absorbs attacks. (AC +1, EV +1)
((You are camouflaged when in or above water. (Stealth+)))
You have tentacles for arms and can constrict up to eight enemies at once.


Message History

A wight comes into view. It is wielding a +3 falchion.
You have reached level 6!
You tentacle-slap the sleepcap but do no damage.
You grab the sleepcap.
The sleepcap is almost destroyed.
You constrict the sleepcap, but do no damage.
A wight comes into view. It is wielding a +3 spear.
The sleepcap releases spores at you.
You are engulfed in a cloud of soporific spores!
You fall asleep.
You lose your grip on the sleepcap.
The sleepcap releases spores at you.
You wake up.
You are engulfed in a cloud of soporific spores!
You are unaffected.
You tentacle-slap the sleepcap. You grab the sleepcap.
The sleepcap is almost destroyed.
You constrict the sleepcap, but do no damage.
A wight comes into view. It is wielding a +0 great sword.
The sleepcap barely misses you.
You tentacle-slap the sleepcap but do no damage.
You squeeze the sleepcap.
You destroy the sleepcap!
Aiming: Charm
Press: ? - help, Shift-Dir - straight line, f - wight
Aim: a wight, wielding a +3 falchion and wearing a +0 robe (chance to affect: 62%)
The wight resists with significant effort.
Unknown command.
Aiming: Charm
Press: ? - help, Shift-Dir - straight line, f/p - wight
Aim: a wight, wielding a +3 falchion and wearing a +0 robe (chance to affect: 62%)
The wight resists with significant effort.
Unknown command.
Aiming: Charm
Press: ? - help, Shift-Dir - straight line, f/p - wight
Aim: a wight, wielding a +3 falchion and wearing a +0 robe (chance to affect: 62%)
The wight resists with significant effort.
The wight hits you with a +3 falchion!
* * * LOW HITPOINT WARNING * * *
You feel drained.
You die...

.. ##.# #.#.# ...
... #.#.#
....##.#####.#.#
......>......#†###.#
....$..............#
....###.######†##.##
. ##.# #.# #. #.#
#.# #.# ##.# #@#
.###.###.## #z#
........## #z#
######..#######z#
#...........#
#...########. #
#...# . ## #...# .
.## #.[.#


You could see 3 wights.

Vanquished Creatures
  An ogre (D:3)
  A scorpion (D:6)
  A sleepcap (D:6)
  An iguana (D:6)
  2 dart slugs
  4 ball pythons
  4 endoplasms
  2 giant cockroaches
  9 goblins
  3 hobgoblins
  4 kobolds
  4 quokkas
  5 bats
  5 frilled lizards
  5 rats
51 creatures vanquished.

Vanquished Creatures (collateral kills)
  An endoplasm (D:3)
  A kobold (D:3)
2 creatures vanquished.

Vanquished Creatures (others)
  A scorpion (D:6)
1 creature vanquished.

Grand Total: 54 creatures vanquished

Notes
Turn   | Place    | Note
-------+----------+-------------------------------------------
     0 | D:1      | H0rd4k the Octopode Artificer began the quest for the Orb.
     0 | D:1      | Reached XP level 1. HP: 13/13 MP: 1/1
    95 | D:1      | Found Xouver's Jewellery Boutique.
   143 | D:1      | Reached XP level 2. HP: 18/18 MP: 2/2
   295 | D:1      | Found a faded altar of an unknown god.
   674 | D:2      | Reached XP level 3. HP: 22/23 MP: 3/3
   681 | D:2      | Reached skill level 4 in Evocations
   771 | D:2      | Reached skill level 1 in Unarmed Combat
  1581 | D:3      | Noticed an ogre
  1809 | D:3      | Killed an ogre
  1810 | D:3      | Reached XP level 4. HP: 28/28 MP: 4/4
  1810 | D:3      | Reached XP level 5. HP: 33/33 MP: 5/5
  1936 | D:3      | Identified the +1 helmet of Xokirio {*Slow rElec rCorr}
  1936 | D:3      | Noticed Robin
  1976 | D:3      | You fall into a shaft and drop 3 floors!
  2068 | D:6      | Noticed a sky beast
  2192 | D:6      | Reached XP level 6. HP: 18/38 MP: 6/6
  2198 | D:6      | HP: 1/39 [wight/+3 falchion (15)]
  2198 | D:6      | Slain by a wight

Illustrated notes

Levels and vault maps discovered:
D:1:      dpeg_arrival_radiant, layout_basic, serial_shops, nicolae_shop_stone,
          hellmonk_ecumenical_altar_blasted
D:2:      layout_loops_ring, serial_co_window_serial, co_window_paths_b,
          co_window_corner_a, co_window_paths_b, co_window_paths_b,
          co_window_corner_a, co_window_broadway_b, co_window_corner_ca,
          co_window_paths_c, co_window_of_opportunity_b, glass_columns_a
D:3:      layout_rooms, nrook_mini_vaults, uniq_robin
D:6:      layout_loops_ring, minmay_circle_x

Skill      XL: |  1  2  3  4  5 |
---------------+----------------+-----
Evocations     | 4 |  4.8
Unarmed Combat | 2 3 |  3.7
Dodging        | 3 |  3.8
Fighting       | |  1.7
Stealth        | |  1.3

Action                     |  1- 3 |  4- 6 || total
---------------------------+-------+-------++-------
  Melee: Unarmed           |    86 |    25 ||   111
         Tentacles         |    21 |     6 ||    27
         Constrict         |    21 |     8 ||    29
         Punch             |     2 |       ||     2
  Evoke: Wand              |     5 |     6 ||    11
   Stab: Sleeping          |    10 |     3 ||    13
 Armour: Skin              |     8 |       ||     8
  Dodge: Dodged            |    50 |    23 ||    73
